 Dungeon Crawl Stone Soup version 0.29-a0-821-g66395355a5 (webtiles) character file.

Game seed: 6928283836911162096

578 buhh the Insei (level 7, -5/48 HPs)
             Began as an Octopode Transmuter on July 8, 2022.
             Was a Believer of Cheibriados.
             Slain by an ice beast (14 damage)
             ... on level 5 of the Dungeon.
             The game lasted 00:08:43 (5532 turns).

buhh the Insei (Octopode Transmuter)                Turns: 5532, Time: 00:08:44

Health: -5/48      AC:  1    Str: 13    XL:     7   Next: 36%
Magic:  5/10       EV: 15    Int: 22    God:    Cheibriados [**....]
Gold:   239        SH:  0    Dex: 16    Spells: 4/10 levels left

rFire   . . .      SeeInvis .     - Unarmed
rCold   . . .      Faith    .   (no shield)
rNeg    . . .      Spirit   .   (helmet currently unavailable)
rPois   .          Reflect  .   (no amulet)
rElec   .          Harm     .   (no ring)
rCorr   .          Rampage  .   (no ring)
Will    .....                   (no ring)
Stlth   +++.......              (no ring)
HPRegen 0.16/turn               (no ring)
MPRegen 0.12/turn               (no ring)
                                (no ring)
                                (no ring)

@: about to teleport, appendages, very slightly contaminated, very slow
A: tentacle spike 3, almost no armour, amphibious, 8 rings, camouflage 1,
gelatinous body 1, (nimble swimmer 1), tentacles
a: End Transformation, Renounce Religion, Bend Time


You were on level 5 of the Dungeon.
You worshipped Cheibriados.
Cheibriados was pleased with you.
One of your tentacles had grown a beastly spike.
You visited 2 branches of the dungeon, and saw 6 of its levels.

You collected 239 gold pieces.

Inventory:

Missiles
 j - 2 poisoned darts
Magical Staves
 k - a staff of air
Jewellery
 e - an amulet of regeneration
 o - a ring of fire
Wands
 g - a wand of quicksilver (5)
Scrolls
 b - a scroll of teleportation {!d}
 f - a scroll of poison
 m - a scroll of fog
 n - a scroll of fear {unknown}
Potions
 a - a potion of brilliance {unknown}
 c - 2 potions of curing {!q!d}
 d - a potion of degeneration {unknown}
 h - 2 potions of mutation {unknown}
 i - a potion of invisibility {unknown}
 l - a potion of magic {unknown}


   Skills:
 + Level 4.1 Fighting
 + Level 4.6 Dodging
 - Level 2.0 Stealth
 + Level 5.1 Unarmed Combat
 - Level 2.0 Spellcasting
 - Level 2.0 Transmutations
 * Level 1.3 Poison Magic


You had 4 spell levels left.
You knew the following spells:

 Your Spells              Type           Power      Damage    Failure   Level
a - Beastly Appendage     Tmut           22%        N/A       6%          1
b - Wereblood             Tmut           11%        N/A       9%          2
c - Spider Form           Tmut/Pois      9%         N/A       21%         3

Your spell library contained the following spells:

 Spells                   Type           Power      Damage    Failure   Level
 Stone Arrow              Conj/Erth      4%         3d7       38%         3
 Ice Form                 Ice/Tmut       6%         N/A       65%         4
 Lehudib's Crystal Spear  Conj/Erth      1%         10d2      100%        8
 Animate Armour           Summ/Erth      Unusable   N/A       N/A         4

Dungeon Overview and Level Annotations

Branches:
Dungeon (5/15) Zot: 37523  Temple (1/1) D:4 Zot: 8960

Altars:
Ashenzari
Cheibriados
Dithmenos
Elyvilon
Hepliaklqana
Okawaru
Sif Muna
Uskayaw
Xom
The Shining One

Annotations:
D:4 exclusions: hound, kobold and ogre, Ijyb
D:5 Blork the orc


Innate Abilities, Weirdness & Mutations

One of your tentacles has grown a beastly spike.
You cannot wear most types of armour.
You are amphibious.
You can wear up to eight rings at the same time.
Your skin changes colour to match your surroundings (Stealth+).
Your rubbery body absorbs attacks. (AC +1, EV +1)
((You are camouflaged when in or above water. (Stealth+)))
You have tentacles for arms and can constrict up to eight enemies at once.


Message History

Orders for allies: a - Attack new target. r - Retreat! s - Stop attacking. g - Guard the area. f - Follow me.
Anything else - Cancel.
You hiss for attention!
The gnoll misses you.
The gnoll shoots a sling bullet.
The sling bullet barely misses you. What are your orders? t - Hiss!
Orders for allies: a - Attack new target. r - Retreat! s - Stop attacking. g - Guard the area. f - Follow me.
Anything else - Cancel.
You hiss for attention!
Your transformation has ended.
The gnoll hits you from afar with a +0 spear.
Casting: Beastly Appendage (safe; 6% risk of failure)
Press: ? - help, Q - select action, (/) - cycle Dir - look around, f - activate One of your tentacles grows a vicious spike.
The gnoll misses you.
The gnoll is engulfed in poison gas.
The gnoll is poisoned.
The gnoll shoots a sling bullet.
The sling bullet hits you.
Okay, then.
Okay, then.
As you read the scroll of teleportation {!d}, it crumbles to dust.
You feel strangely unstable.
The gnoll hits you from afar with a +0 spear.
* * * LOW HITPOINT WARNING * * *
The gnoll is engulfed in poison gas.
The gnoll looks even sicker.
The gnoll shoots a sling bullet.
The sling bullet barely misses you.
You miscast Spider Form.
You are very lightly contaminated with residual magic.
Nothing appears to happen.
You kill the gnoll!
Cheibriados thoroughly appreciates the change of pace.
Cheibriados raises the support of your attributes as your movement slows.
The ice beast hits you.
* * * LOW HITPOINT WARNING * * *
The ice beast freezes you!
You die...

#....##.........#
#§○§§##.........#
.☼..
#☼§§§##.....##..#
.§☼. #§☼§§####☼####
.+ .§§§.
#☼§§§##.§§...+
.§○§§##○○§☼##§○§..##
.§§§§§○☼☼§§☼§○§○..##
.☼☼☼§§.§☼☼☼☼§§§§...#
.○☼.§○gY@§§§§§☼§...#
#§§§##§§§§##☼§§.###
#. #§○§§#######
......§☼§§○§§..
.....§§§§○§☼§§..
....§§§§☼☼○☼○§§○
...§§§☼☼☼§§§§§§§
..§☼○##§§§○##☼○§
#..## #....# ...


You could see an ice beast and a gnoll.

Vanquished Creatures
  A water moccasin (D:5)
  A centaur (D:4)
  A necrophage (D:4)
  3 hounds (D:4)
  2 iguanas
  7 gnolls (D:5)
  3 adders
  A shadow imp (D:5)
  A white imp (D:5)
  2 ufetubi (D:4)
  4 dart slugs
  2 orcs
  6 endoplasms
  3 giant cockroaches
  3 hobgoblins
  3 jackals (D:1)
  2 quokkas
  6 ball pythons
  5 bats
  A frilled lizard (D:2)
  4 goblins
  3 kobolds
  27 rats
91 creatures vanquished.

Notes
Turn   | Place    | Note
-------+----------+-------------------------------------------
     0 | D:1      | buhh the Octopode Transmuter began the quest for the Orb.
     0 | D:1      | Reached XP level 1. HP: 13/13 MP: 3/3
   121 | D:1      | Reached XP level 2. HP: 6/18 MP: 3/5
   456 | D:1      | Found a faded altar of an unknown god.
  1415 | D:2      | Reached XP level 3. HP: 23/23 MP: 6/6
  2371 | D:2      | Learned a level 2 spell: Wereblood
  2375 | D:2      | Learned a level 3 spell: Spider Form
  2552 | D:3      | Reached XP level 4. HP: 29/29 MP: 4/7
  2851 | D:4      | Reached XP level 5. HP: 34/35 MP: 6/8
  2874 | D:4      | Reached skill level 4 in Unarmed Combat
  3203 | D:4      | Found a staircase to the Ecumenical Temple.
  3221 | Temple   | Entered the Ecumenical Temple
  3238 | Temple   | Became a worshipper of Cheibriados the Contemplative
  3347 | D:4      | Noticed Ijyb
  3369 | D:5      | Entered Level 5 of the Dungeon
  3369 | D:5      | Noticed an orc warrior
  3555 | D:4      | Found a shadowy altar of Dithmenos.
  3565 | D:4      | Found a shimmering blue altar of Sif Muna.
  3752 | D:4      | Reached XP level 6. HP: 36/42 MP: 6/9
  3877 | D:4      | Reached * piety under Cheibriados
  4318 | D:5      | Noticed Blork the orc
  4897 | D:5      | Noticed a water moccasin
  4919 | D:5      | Killed a water moccasin
  4920 | D:5      | Reached skill level 5 in Unarmed Combat
  4920 | D:5      | Reached XP level 7. HP: 20/47 MP: 5/10
  5532 | D:5      | Reached ** piety under Cheibriados
  5532 | D:5      | Slain by an ice beast

Illustrated notes

Levels and vault maps discovered:
D:1:      elethiomel_arrival_quiet, layout_rooms,
          dreamdust_ecumenical_altar_statues
D:2:      layout_basic, minmay_tromino_v4_b
D:3:      layout_rooms
D:4:      layout_basic, mainiacjoe_overflow_catwalk_spiral,
          minmay_temple_entry_gardened_gates, serial_shops, shop,
          minmay_rat_hole, uniq_ijyb
D:5:      layout_gridville, uniq_blork_the_orc
Temple:   eino_wide_crystal_templ

Skill      XL: |  1  2  3  4  5  6  7 |
---------------+----------------------+-----
Stealth        | 1 2 |  2.0
Poison Magic   | 1 |  1.3
Fighting       | 2 3 4 |  4.1
Dodging        | 3 4 |  4.6
Unarmed Combat | 4 5 |  5.1
Spellcasting   | |  2.0
Transmutations | |  2.0

Action                   |  1- 3 |  4- 6 |  7- 9 || total
-------------------------+-------+-------+-------++-------
Melee: Unarmed           |    94 |    85 |    34 ||   213
       Constrict         |    20 |    21 |     4 ||    45
       Kick              |    18 |    20 |       ||    38
       Tentacles         |    17 |    17 |     2 ||    36
       Punch             |     2 |     1 |       ||     3
 Cast: Beastly Appendage |    30 |    17 |     1 ||    48
       Spider Form       |       |     4 |     3 ||     7
       Wereblood         |       |     1 |     1 ||     2
Evoke: Wand              |       |     2 |     1 ||     3
  Use: Potion            |     1 |     1 |       ||     2
       Scroll            |       |     4 |     2 ||     6
 Stab: Sleeping          |    10 |     3 |       ||    13
Armor: Skin              |    21 |     9 |       ||    30
Dodge: Dodged            |    44 |    80 |    42 ||   166

Table legend: (Time is in decaauts)
 A = Elapsed time spent in this place.
 B = Non-inter-level travel time spent in this place.
 C = Inter-level travel time spent in this place.
 D = Time resting spent in this place.
 E = Time spent auto-exploring this place.
 F = Levels seen in this place.
 G = Mean time per level.
                   A        B        C        D        E       F      G
               +--------+--------+--------+--------+--------+-----+--------+
         Total |   5899 |   5567 |    332 |   1482 |   3235 |   6 |  983.2 |
       Dungeon |   5868 |   5550 |    318 |   1482 |   3226 |   5 | 1173.6 |
        Temple |     31 |     18 |     13 |      0 |      9 |   1 |   31.0 |
               +--------+--------+--------+--------+--------+-----+--------+

Top non-repeatable levels by time:
     D:4: 2455 daAuts
     D:2: 1113 daAuts
     D:1: 962 daAuts
     D:5: 746 daAuts
     D:3: 589 daAuts
  Temple: 31 daAuts
